Map: Ascension to Aiur LE

Players

SpeCiaL - Winner!

  • Race: Terran Terran
  • Spawn Location: 11:00

Neeb

  • Race: Protoss Protoss
  • Spawn Location: 5:00

Event: WCS Valencia 2017

VOD

Have the link to the VOD?

Description

Time

  • Played on: July 15, 2017, 10:13 a.m.
  • Length: 8:06

All games in this series

Show
View Real Time Build Order
Export as new Build Order

SpeCiaL Terran - Winner!

Build Orders: Reaper Expand 

Get SALT Encoding   

  12  0:00  SCV  
  13  0:12  SCV  
  14  0:17  Supply Depot  
  14  0:24  SCV  
  15  0:28  Refinery  
  15  0:38  SCV  
  16  0:44  Barracks  
  16  0:50  SCV  
  17  1:02  SCV  
  18  1:15  SCV  
  19  1:31  Orbital Command, Reaper  
  20  1:46  Command Center  
  20  1:58  Factory  
  20  2:01  SCV  
  21  2:08  Refinery  
  21  2:09  Barracks Reactor  
  21  2:13  SCV  
  22  2:19  Supply Depot  
  22  2:25  SCV  
  23  2:41  SCV  
  23  2:43  Factory  
  23  2:44  Widow Mine  
  24  2:49  Marine x2  
  28  2:53  SCV  
  29  3:00  Orbital Command  
  29  3:05  SCV  
  30  3:06  Marine  
  30  3:07  Marine  
  32  3:16  Cyclone  
  35  3:21  SCV  
  35  3:24  Marine  
  35  3:25  Marine  
  38  3:31  Cyclone  
  41  3:36  SCV x2  
  43  3:43  Supply Depot  
  43  3:45  Marine x2  
  45  3:59  SCV  
  46  4:02  Supply Depot  
  46  4:04  Marine x2, Cyclone, SCV  
  52  4:18  SCV x2  
  52  4:24  Marine x2, Cyclone  
  59  4:36  Cyclone  
  62  4:47  Bunker  
  62  4:48  Marine x2, Supply Depot  
  63  4:56  Cyclone  
  66  5:02  SCV x2  
  66  5:06  Marine x2  
  68  5:08  Cyclone  
  67  5:14  SCV x2  
  66  5:24  Marine x2  
  66  5:26  SCV x2  
  69  5:28  Cyclone  
  72  5:38  SCV x2  
  72  5:42  Marine x2, Supply Depot  
  76  5:59  Cyclone  
  76  6:03  SCV  
  76  6:04  Marine x2, Cyclone, SCV  
  81  6:15  SCV  
  81  6:16  SCV  
  83  6:21  Marine x2  
  83  6:28  SCV  
  84  6:34  Cyclone  
  84  6:39  Marine x2  
  80  6:57  Marine x2  
Show
View Real Time Build Order
Export as new Build Order

Neeb Protoss 

Build Orders: 1 Gate Expand, Oracle Opening, Phoenix Opening 

Get SALT Encoding   

  12  0:01  Probe (Chrono Boost)  
  13  0:11  Probe (Chrono Boost)  
  14  0:18  Pylon  
  14  0:22  Probe (Chrono Boost)  
  15  0:36  Probe (Chrono Boost)  
  15  0:37  Gateway  
  16  0:44  Assimilator  
  16  0:47  Probe (Chrono Boost)  
  17  0:57  Probe (Chrono Boost)  
  18  1:08  Probe (Chrono Boost)  
  20  1:18  Probe (Chrono Boost)  
  20  1:21  Nexus  
  20  1:31  Cybernetics Core  
  20  1:35  Probe (Chrono Boost)  
  21  1:41  Assimilator  
  21  1:45  Probe (Chrono Boost)  
  22  1:50  Pylon  
  22  1:56  Probe (Chrono Boost)  
  26  2:08  Probe, Warp Gate, Adept (Chrono Boost)  
  26  2:20  Probe  
  27  2:29  Stargate  
  27  2:32  Probe  
  27  2:34  Probe  
  27  2:35  Adept (Chrono Boost)  
  31  2:44  Probe  
  31  2:45  Probe  
  33  2:55  Probe  
  33  2:57  Probe  
  35  2:59  Adept (Chrono Boost)  
  37  3:06  Probe (Chrono Boost)  
  37  3:09  Probe (Chrono Boost)  
  37  3:10  Oracle (Chrono Boost)  
  39  3:15  Pylon  
  39  3:19  Pylon  
  43  3:20  Probe (Chrono Boost)  
  43  3:25  Mothership Core (Chrono Boost)  
  45  3:29  Gateway  
  45  3:33  Gateway  
  46  3:36  Probe (Chrono Boost)  
  46  3:43  Probe (Chrono Boost), Phoenix  
  46  3:48  Probe (Chrono Boost)  
  50  3:53  Pylon  
  50  3:54  Probe (Chrono Boost)  
  51  4:00  Probe (Chrono Boost)  
  52  4:06  Nexus  
  52  4:08  Probe (Chrono Boost)  
  53  4:10  Phoenix  
  53  4:17  Probe (Chrono Boost)  
  56  4:26  Pylon  
  56  4:30  Adept x3  
  62  4:32  Phoenix  
  62  4:33  Assimilator  
  64  4:41  Assimilator  
  64  4:44  Pylon  
  64  4:45  Probe (Chrono Boost)  
  66  4:47  Probe (Chrono Boost)  
  66  4:55  Stalker x2  
  66  4:57  Probe (Chrono Boost)  
  66  4:58  Adept  
  74  5:08  Probe (Chrono Boost)  
  68  5:18  Stalker x2  
  68  5:20  Probe (Chrono Boost), Adept  
  65  5:31  Probe (Chrono Boost)  
  65  5:33  Phoenix  
  64  5:37  Pylon x2  
  64  5:39  Probe (Chrono Boost)  
  64  5:40  Probe (Chrono Boost)  
  64  5:41  Adept  
  64  5:42  Zealot, Adept  
  74  5:55  Phoenix  
  73  6:03  Adept x3  
  79  6:11  Probe (Chrono Boost)  
  79  6:13  Pylon  
  79  6:14  Pylon  
  74  6:28  Stalker x3  
Tags
 
Add a new tag
Caveats
  • Supply blocks, unpowered buildings, or Contaminate may cause inaccurate times.
  • Supply counts are checked every 10 seconds.